 Dungeon Crawl Stone Soup version 0.26-a0-613-g4f23886233 (webtiles) character file.

Game seed: 10419084813976031755

185 KristoblXynda the Slasher (level 5, -2/45 HPs)
             Began as a Draconian Gladiator on Sept 11, 2020.
             Slain by a scorpion (7 damage)
             ... on level 4 of the Dungeon.
             The game lasted 00:04:07 (2396 turns).

KristoblXynda the Slasher (Draconian Gladiator)     Turns: 2396, Time: 00:04:08

Health: -2/45      AC:  5    Str: 17    XL:     5   Next: 37%
Magic:  5/5        EV: 13    Int:  9    God:
Gold:   79         SH:  0    Dex: 12    Spells: 4/4 levels left

rFire    . . .     SeeInvis .   f - +2 short sword (flame)
rCold    . . .     Faith    .   (no shield)
rNeg     . . .     Spirit   .   (armour unavailable)
rPois    .         Reflect  .   b - +0 hat
rElec    .         Harm     .   (no cloak)
rCorr    +                      (no gloves)
MR       .....                  (no boots)
Stlth    +.........             (no amulet)
HPRegen  0.15/turn              n - ring of resist corrosion
MPRegen  0.09/turn              (no ring)

@: brilliant, lethally poisoned (-2 -> -9)
A: unfitting armour, cold-blooded, AC +5
a: no special abilities


You were on level 4 of the Dungeon.
You visited 1 branch of the dungeon, and saw 3 of its levels.

You collected 79 gold pieces.

Inventory:

Hand Weapons
 a - a +0 long sword
 f - a +2 short sword of flaming (weapon)
Missiles
 c - 2 throwing nets (quivered)
Armour
 b - a +0 hat (worn)
Jewellery
 d - an uncursed amulet of the acrobat {unknown}
 n - a ring of resist corrosion (left hand)
 r - an uncursed ring of fire
Wands
 e - a wand of iceblast (8)
Scrolls
 h - a scroll of amnesia {unknown}
 i - a scroll of magic mapping {unknown}
 j - 2 scrolls of remove curse
 k - a scroll of identify {unknown}
 l - a scroll of fog {unknown}
 o - a scroll of immolation {unknown}
 p - a scroll of blinking {unknown}
Potions
 g - a potion of stabbing
 m - 2 potions of magic


   Skills:
 + Level 3.5 Fighting
 * Level 4.7 Long Blades
 - Level 2.0 Throwing
 + Level 3.6 Dodging


You had 4 spell levels left.
You didn't know any spells.
Your spell library contained the following spells:

 Spells                   Type           Power        Failure   Level
 Magic Dart               Conj           #...         38%         1
 Searing Ray              Conj           #.....       52%         2
 Dazzling Flash           Conj/Hex       #.....       77%         3
 Fulminant Prism          Conj/Hex       #.........   99%         4
 Iskenderun's Mystic Bla  Conj/Tloc      #.......     99%         4


Dungeon Overview and Level Annotations

Branches:
Dungeon (2/15)

Altars:

Shops:
D:4 *


Innate Abilities, Weirdness & Mutations

Your plain brown scales are hard. (AC +5)
You cannot fit into any form of body armour.
You are cold-blooded and may be slowed by cold attacks.


Message History

You feel sick. The scorpion closely misses you.
You hit the scorpion. You burn the scorpion.
The scorpion is almost dead.
* * * LOW HITPOINT WARNING * * *
You feel sick. The scorpion stings you.
* * * LOW HITPOINT WARNING * * *
It was a potion of brilliance.
You feel clever all of a sudden.
* * * LOW HITPOINT WARNING * * *
You feel sick. The scorpion closely misses you.
You closely miss the scorpion.
You tail-slap the scorpion, but do no damage.
The scorpion is almost dead.
* * * LOW HITPOINT WARNING * * *
You feel sick. The scorpion completely misses you.
You closely miss the scorpion.
The scorpion is almost dead.
* * * LOW HITPOINT WARNING * * *
You feel sick. The scorpion stings you!
You die...

##..######.........
##..........######
###########.##....####
#..>....)...###.#...<##
#...)..###### #.####...
#......########<.# ####
#..............#.### #
################.#...####
.......s@........).......
.......###.########.....#
....... #........<......
####### ##############..
##. #. #. ##


You could see a scorpion.

Vanquished Creatures
  2 orc priests (D:4)
  An orc wizard (D:4)
  A worker ant (D:4)
  2 adders
  An ooze (D:2)
  2 worms (D:2)
  2 dart slugs (D:1)
  A leopard gecko (D:4)
  5 orcs (D:4)
  A giant cockroach (D:4)
  3 goblins (D:1)
  6 hobgoblins
  A quokka (D:4)
  A ball python (D:1)
  4 bats
  A frilled lizard (D:2)
  2 kobolds
  5 rats
41 creatures vanquished.

Notes
Turn   | Place    | Note
-------+----------+-------------------------------------------
     0 | D:1      | KristoblXynda the Draconian Gladiator began the quest for
                  | the Orb.
     0 | D:1      | Reached XP level 1. HP: 17/17 MP: 1/1
   378 | D:1      | Reached XP level 2. HP: 20/25 MP: 2/2
  1297 | D:2      | Reached XP level 3. HP: 22/30 MP: 3/3
  1544 | D:2      | You fall into a shaft and drop 2 floors!
  1563 | D:4      | Reached skill level 4 in Long Blades
  1563 | D:4      | Reached XP level 4. HP: 10/38 MP: 4/4
  1887 | D:4      | Found Xanit's Lightly-Used Armoury.
  2032 | D:4      | Reached XP level 5. HP: 16/45 MP: 5/5
  2396 | D:4      | Slain by a scorpion

Illustrated notes

Levels and vault maps discovered:
D:1:      dpeg_arrival_rooms_c, layout_basic
D:2:      layout_loops_corners, uniq_terence
D:4:      layout_rooms, minmay_shop_damaged

Skill      XL: |  1  2  3 |
---------------+----------+-----
Throwing       | 2 |  2.0
Dodging        | 3 |  3.6
Fighting       | 3 |  3.5
Long Blades    | 4 |  4.7

Action                   |  1- 3 |  4- 6 || total
-------------------------+-------+-------++-------
Melee: Long sword        |    12 |       ||    12
       Short sword       |    78 |    49 ||   127
       Tailslap          |     6 |     9 ||    15
Throw: Throwing net      |       |     4 ||     4
  Use: Potion            |     2 |     4 ||     6
       Scroll            |     1 |       ||     1
 Stab: Sleeping          |     1 |       ||     1
       Held in net/web   |       |     1 ||     1
Armor: Skin              |    22 |     6 ||    28
Dodge: Dodged            |    51 |    26 ||    77
       Rpst.: Long sword |     6 |       ||     6

Table legend: (Time is in decaauts)
 A = Elapsed time spent in this place.
 B = Non-inter-level travel time spent in this place.
 C = Inter-level travel time spent in this place.
 D = Time resting spent in this place.
 E = Time spent auto-exploring this place.
 F = Levels seen in this place.
 G = Mean time per level.
                   A        B        C        D        E       F      G
               +--------+--------+--------+--------+--------+-----+--------+
         Total |   2393 |   2325 |     68 |    260 |   1630 |   3 |  797.7 |
       Dungeon |   2393 |   2325 |     68 |    260 |   1630 |   3 |  797.7 |
               +--------+--------+--------+--------+--------+-----+--------+

Top non-repeatable levels by time:
     D:1: 1108 daAuts
     D:4: 849 daAuts
     D:2: 435 daAuts
